 Dungeon Crawl Stone Soup version 0.28.0-1-gb440e238dd (webtiles) character file.

Game seed: 10798301239694251374

326 unlimited1921 the Magician (level 6, 0/43 HPs)
             Began as a Djinni Fire Elementalist on Feb 28, 2022.
             Slain by a quasit (3 damage)
             ... on level 3 of the Dungeon.
             The game lasted 00:26:44 (8426 turns).

unlimited1921 the Magician (DjFE)                   Turns: 8426, Time: 00:26:44

Health: 0/43       AC:  2    Str:  7      XL:     6   Next: 78%
Gold:   129        EV: 12    Int: 18      God:
                   SH:  0    Dex:  9 (14)

rFire   + + .      SeeInvis .   q - +0 hand axe
rCold   . . .      Faith    .   (no shield)
rNeg    . . .      Spirit   .   a - +0 robe
rPois   ∞          Reflect  .   (no helmet)
rElec   .          Harm     .   (no cloak)
rCorr   .          Rampage  .   (no gloves)
Will    .....                   (boots unavailable)
Stlth   ++........              (no amulet)
HPRegen 0.14/turn               k - ring of protection from cold
MPRegen 0.00/turn               (no ring)

@: mighty, about to teleport, flying, invisible
A: sickness immunity, fire resistance 2, cold vulnerability 1, float, innate
caster, HP casting, extra vitality 1
a: no special abilities


You were on level 3 of the Dungeon.
You visited 1 branch of the dungeon, and saw 3 of its levels.
You also visited: Sewer.

You collected 157 gold pieces.
You spent 28 gold pieces at shops.

Inventory:

Hand Weapons
 d - a +0 dagger
 h - a +0 short sword
 p - a +0 falchion
 q - a +0 hand axe (weapon)
 s - a +0 hunting sling
 w - a +1 whip of freezing
Missiles
 b - 41 bolts
 e - 65 sling bullets
 i - 182 stones
 r - 10 curare-tipped darts
 x - 5 poisoned darts
Armour
 a - a +0 robe (worn)
Jewellery
 k - a ring of protection from cold (left hand)
Wands
 o - a wand of polymorph (9)
Scrolls
 c - 2 scrolls of immolation {unknown}
 j - a scroll of torment {unknown}
 l - 2 scrolls of fog {unknown}
 m - a scroll of brand weapon {unknown}
Potions
 v - a potion of lignification {unknown}


   Skills:
 * Level 2.2 Fighting
 + Level 0.4 Axes
 * Level 3.4 Dodging
 + Level 2.4 Stealth
 + Level 4.3 Spellcasting


You couldn't memorise any spells.
You knew the following spells:

 Your Spells              Type           Power      Damage    Failure   Level
a - Foxfire               Conj/Fire      76%        2x1d7     2%          1
b - Scorch                Fire           38%        2d7       3%          2
c - Conjure Flame         Conj/Fire      19%        6-21      7%          3
d - Inner Flame           Hex/Fire       19%        N/A       7%          3
e - Flame Wave            Conj/Fire      19%        2d6       24%         4
f - Slow                  Hex            76%        N/A       2%          1
g - Ensorcelled Hibernat  Hex/Ice        38%        N/A       3%          2
Your spell library was empty.

Dungeon Overview and Level Annotations

Branches:
Dungeon (3/15)              Sewer (visited)

Altars:
Trog

Shops:
D:3 [=((

Annotations:
D:3 1 transporter, Woods's ghost, amateur GrFi


Innate Abilities, Weirdness & Mutations

You are immune to sickness and miasma.
You are immune to poison.
Your flesh is very heat resistant. (rF++)
You are vulnerable to cold. (rC-)
You float through the air rather than walking.
You learn spells naturally, not from books.
Your magical power is your life essence.
You have superior vitality. (+4 MHP)


Message History

* * * LOW HITPOINT WARNING * * *
The quasit bites you.
* * * LOW HITPOINT WARNING * * *
The quasit misses you. The quasit claws you.
* * * LOW HITPOINT WARNING * * *
You are too injured to fight recklessly!
Unknown command.
Unknown command.
Unknown command.
It was a potion of invisibility.
You fade into invisibility!
The quasit is no longer more vulnerable to fire.
The quasit barely misses you. The quasit claws you.
* * * LOW HITPOINT WARNING * * *
The quasit claws you but does no damage.
The quasit barely misses you. The quasit closely misses you.
The quasit claws you.
* * * LOW HITPOINT WARNING * * *
You feel clumsy.
The quasit barely misses you. x2; The quasit closely misses you.
The quasit bites you but does no damage.
The quasit closely misses you. The quasit barely misses you.
Woods's ghost says, "You cannot hurt me!"
As you read the scroll labelled OPUATY QEAPNOH, it crumbles to dust.
You feel strangely unstable.
It was a scroll of teleportation.
The quasit bites you.
* * * LOW HITPOINT WARNING * * *
The quasit barely misses you. The quasit closely misses you. x3
The quasit barely misses you.
The quasit bites you but does no damage.
The quasit misses you. The quasit barely misses you.
Press: ? - help, v - describe, . - travel
Here: Woods's ghost The floor.
It was a potion of might.
You feel very mighty all of a sudden. The quasit bites you.
* * * LOW HITPOINT WARNING * * *
The quasit closely misses you. x2; The quasit bites you.
You die...

###.## #.#.####.# #.# ##....##
#.....<..# #.#####
###...#..#### #...##### #.#....
#.............##...# #.#.###
#.#..###©####......########<#.#
....##.###..#####........^..#.#
##.##......#....#..#######..#.#
#.#....#...#..W##.# #..#.###
##.#..##..#....5@#.# #.......
#..#©..#..©..##55#.# ##.#.###
#.##.#.....#.....#.### #....#
..#....###=.?##.##...# ###..#
..##..#..((.....#..#.# ##...##
...###. #####..##.##.# #8.8.8.
.#...####.©.####..##.# #.⌠.⌠.#
.###..............##.# ##8.∩.8#
.#
#####.#.##........#####..⌠.⌠.#


You could see 3 quasits and Woods's ghost.

Vanquished Creatures
  2 bullfrogs (Sewer)
  Terence (D:2)
  4 adders
  A gnoll (D:3)
  2 worms
  2 dart slugs
  5 orcs (D:3)
  15 ball pythons
  10 bats
  8 endoplasms
  13 giant cockroaches
  13 goblins
  2 hobgoblins (D:3)
  10 kobolds
  7 quokkas
  7 frilled lizards
  6 rats
108 creatures vanquished.

Vanquished Creatures (others)
  308 foxfires
308 creatures vanquished.

Grand Total: 416 creatures vanquished

Notes
Turn   | Place    | Note
-------+----------+-------------------------------------------
     0 | D:1      | unlimited1921 the Djinni Fire Elementalist began the quest
                  | for the Orb.
     0 | D:1      | Reached XP level 1. HP: 15/15 MP: 0/0
   535 | D:1      | Reached XP level 2. HP: 17/21 MP: 0/0
  2132 | D:1      | Reached XP level 3. HP: 24/26 MP: 0/0
  2132 | D:1      | Learned a level 1 spell: Slow
  2198 | D:1      | Reached skill level 3 in Spellcasting
  3255 | D:2      | Reached skill level 1 in Fighting
  3820 | D:2      | Reached XP level 4. HP: 28/32 MP: 0/0
  4267 | D:2      | Noticed Terence
  4450 | D:2      | Killed Terence
  5088 | D:3      | Found Onlodeg's Weapon Shop.
  5097 | D:3      | Bought 4 curare-tipped darts for 28 gold pieces
  5135 | D:3      | Found Ceast's Antique Weapon Boutique.
  5219 | D:3      | Found a bloodstained altar of Trog.
  5526 | D:3      | Reached XP level 5. HP: 25/37 MP: 0/0
  5526 | D:3      | Learned a level 2 spell: Ensorcelled Hibernation
  5681 | D:3      | Found a glowing drain.
  5689 | Sewer    | Entered a sewer
  6361 | Sewer    | Noticed a bullfrog
  6365 | Sewer    | Killed a bullfrog
  6366 | Sewer    | Reached skill level 4 in Spellcasting
  6366 | Sewer    | Reached XP level 6. HP: 39/43 MP: 0/0
  7010 | D:3      | Found a transporter.
  7015 | D:3      | Noticed Woods's ghost (amateur GrFi)
  7031 | D:3      | Found Iwecigiu's Jewellery Emporium.
  7363 | D:3      | Found Cofruy's Antique Armour Emporium.
  8294 | D:3      | Found a transporter.
  8426 | D:3      | Slain by a quasit

Illustrated notes

Levels and vault maps discovered:
D:1:      scummos_arrival_simple_fountains, layout_rooms
D:2:      layout_loops_ring, uniq_terence
D:3:      minmay_chambers_of_threes, layout_loops_ring, trog_butcher_becter,
          serial_shops, shop_statue,
          nicolae_shop_temple_entry_statues_fountains, shop, shop,
          portal_sewer_entry_b, gammafunk_ghost_stat_death,
          uniq_crazy_yiuf_cottage

Skill      XL: |  1  2  3  4  5  6 |
---------------+-------------------+-----
Spellcasting   | 3 4 |  4.3
Fighting       | 1 2 |  2.2
Stealth        | 2 |  2.4
Dodging        | 3 |  3.4
Axes           | |  0.4

Action                   |  1- 3 |  4- 6 || total
-------------------------+-------+-------++-------
Melee: Short sword       |     7 |       ||     7
       Hand axe          |       |     4 ||     4
 Cast: Foxfire           |    92 |    95 ||   187
       Inner Flame       |       |    11 ||    11
       Scorch            |       |    32 ||    32
       Slow              |       |     1 ||     1
       Ensorcelled Hiber |       |     1 ||     1
  Use: Potion            |       |     5 ||     5
       Scroll            |       |     3 ||     3
Armor: Robe              |     5 |    27 ||    32
Dodge: Dodged            |    11 |    83 ||    94
